General information
- name: BNet
- type: Ladder team game (AT/RT)
- host: Battle.net
- saver: RODnThTURNC0ATS
map: TwilightRuins
- players: 8
- length: 30:27
- speed: Fast
- version: 1.26 W3XP
- replay type: Public
» download(207 KB)
Players
team 1 (winner)

»
Bnet.Noob (
green | 44 APM | 1329 actions | 30:27)
3 Keeper of the Grove
2 Entangling Roots
1 Thorns Aura
» actions
| Basic commands | 3 | |
| Build / train | 49 | |
| ESC pressed | 3 | |
| Enter build submenu | 26 | |
| Enter hero's abilities submenu | 4 | |
| Give item / drop item | 8 | |
| Right click | 875 | |
| Select / deselect | 278 | |
| Use ability | 82 | |
1329 total
» units
» upgrades
| Improved Bows | 1 | |
| Moon Armor | 1 | |
| Strength of the Moon | 1 | |
| Ultravision | 1 | |
4 total
» buildings
| Altar of Elders | 3 | |
| Moon Well | 6 | |
| Ancient of War | 2 | |
| Ancient of Wonders | 1 | |
| Tree of Ages | 1 | |
| Hunter's Hall | 1 | |
| Tree of Eternity | 1 | |
| Tree of Life | 4 | |
| Great Hall | 1 | |
20 total
» build order
00:11 Altar of Elders
00:15 Moon Well
00:17 Moon Well
01:17 Ancient of War
01:43 Moon Well
04:23 Ancient of War
04:28 Ancient of Wonders
05:14 Tree of Ages
05:18 Hunter's Hall
05:20 Moon Well
06:31 Moon Well
07:49 Tree of Eternity
08:53 Tree of Life
13:31 Tree of Life
18:13 Tree of Life
18:25 Tree of Life
20:39 Altar of Elders
20:56 Altar of Elders
21:00 Moon Well
26:07 Great Hall
» items
| Boots of Speed | 1 | |
| Periapt of Vitality | 1 | |
| Circlet of Nobility | 1 | |
| Dust of Appearance | 1 | |
| Staff of Teleportation | 1 | |
| Replenishment Potion | 1 | |
| Gloves of Haste | 1 | |
| Lesser Clarity Potion | 2 | |
| Orb of Lightning | 1 | |
| Healing Salve | 1 | |
11 total
RODnThTURNC0ATS (
pink | 100 APM | 3042 actions | 30:27)
7 Archmage
3 Summon Water Elemental
3 Brilliance Aura
1 Mass Teleport
» actions
| Assign group hotkey | 116 | |
| Basic commands | 334 | |
| Build / train | 133 | |
| ESC pressed | 7 | |
| Enter build submenu | 38 | |
| Enter hero's abilities submenu | 7 | |
| Give item / drop item | 16 | |
| Right click | 1060 | |
| Select / deselect | 398 | |
| Select group hotkey | 742 | |
| Use ability | 190 | |
3042 total
» units
| Peasant | 14 | |
| Footman | 6 | |
| Goblin Shredder | 1 | |
| Gryphon Rider | 7 | |
| Dragonhawk Rider | 3 | |
31 total
» upgrades
| Masonry | 3 | |
| Lumber Harvesting | 2 | |
| Animal War Training | 1 | |
| Swords | 3 | |
| Armor | 3 | |
| Storm Hammers | 1 | |
| Cloud | 1 | |
14 total
» buildings
| Altar of Kings | 1 | |
| Barracks | 1 | |
| Farm | 12 | |
| Arcane Vault | 1 | |
| Lumber Mill | 1 | |
| Keep | 3 | |
| Town Hall | 1 | |
| Scout Tower | 23 | |
| Castle | 2 | |
| Gryphon Aviary | 3 | |
| Guard Tower | 31 | |
| Blacksmith | 1 | |
80 total
» build order
00:48 Altar of Kings
00:50 Barracks
00:52 Farm
01:06 Farm
01:15 Farm
01:56 Arcane Vault
02:31 Lumber Mill
04:01 Keep
04:01 Keep
04:55 Town Hall
06:01 Scout Tower
06:02 Scout Tower
06:03 Scout Tower
06:04 Scout Tower
06:04 Scout Tower
06:06 Scout Tower
07:04 Castle
07:09 Gryphon Aviary
07:21 Gryphon Aviary
07:45 Guard Tower
08:10 Guard Tower
08:11 Guard Tower
08:17 Farm
08:19 Farm
09:00 Gryphon Aviary
09:17 Scout Tower
09:17 Scout Tower
09:18 Scout Tower
09:19 Scout Tower
09:26 Blacksmith
09:54 Scout Tower
09:55 Scout Tower
09:57 Farm
09:58 Farm
09:59 Farm
10:00 Farm
10:04 Guard Tower
10:04 Guard Tower
10:26 Guard Tower
10:26 Guard Tower
10:27 Guard Tower
10:27 Guard Tower
10:27 Guard Tower
13:29 Farm
13:30 Farm
13:32 Farm
20:40 Scout Tower
20:41 Scout Tower
20:41 Scout Tower
20:43 Scout Tower
20:44 Scout Tower
20:45 Scout Tower
20:47 Scout Tower
20:52 Scout Tower
20:55 Scout Tower
20:55 Scout Tower
20:57 Scout Tower
21:10 Guard Tower
21:10 Guard Tower
21:10 Guard Tower
21:11 Guard Tower
21:11 Guard Tower
21:11 Guard Tower
21:12 Guard Tower
21:18 Guard Tower
21:18 Guard Tower
22:07 Guard Tower
22:07 Guard Tower
22:07 Guard Tower
22:20 Guard Tower
» items
| Mechanical Critter | 2 | |
| Scroll of Regeneration | 8 | |
| Staff of Sanctuary | 1 | |
| Scroll of Town Portal | 2 | |
| Scroll of Healing | 1 | |
| Potion of Lesser Invulnerability | 1 | |
| Periapt of Vitality | 1 | |
| Staff of Teleportation | 1 | |
| Potion of Invulnerability | 1 | |
| Lesser Clarity Potion | 1 | |
| Potion of Greater Healing | 1 | |
20 total
FUDGERBARS (
blue | 56 APM | 1702 actions | 30:27)
4 Blademaster
2 Wind Walk
2 Critical Strike
» actions
| Assign group hotkey | 43 | |
| Basic commands | 80 | |
| Build / train | 72 | |
| Enter build submenu | 26 | |
| Enter hero's abilities submenu | 4 | |
| Give item / drop item | 5 | |
| Remove unit from queue | 3 | |
| Right click | 639 | |
| Select / deselect | 199 | |
| Select group hotkey | 531 | |
| Use ability | 100 | |
1702 total
» units
| Peon | 12 | |
| Troll Batrider | 4 | |
| Goblin Shredder | 2 | |
| Wind Rider | 7 | |
| Goblin Sapper | 11 | |
36 total
» upgrades
| Ranged Weapons | 2 | |
| Armor | 2 | |
| Reinforced Defenses | 1 | |
| Liquid Fire | 1 | |
| Envenomed Spears | 1 | |
| Melee Weapons | 1 | |
8 total
» buildings
| Altar of Storms | 1 | |
| Orc Burrow | 6 | |
| War Mill | 1 | |
| Voodoo Lounge | 1 | |
| Watch Tower | 25 | |
| Stronghold | 2 | |
| Fortress | 2 | |
| Beastiary | 3 | |
| Great Hall | 1 | |
42 total
» build order
00:07 Altar of Storms
00:21 Orc Burrow
00:39 War Mill
01:04 Voodoo Lounge
01:53 Watch Tower
02:10 Orc Burrow
02:38 Watch Tower
02:59 Watch Tower
03:36 Stronghold
03:37 Stronghold
03:54 Watch Tower
04:22 Orc Burrow
04:42 Orc Burrow
05:12 Watch Tower
06:18 Fortress
06:19 Fortress
06:22 Beastiary
06:50 Beastiary
07:23 Watch Tower
07:23 Watch Tower
07:24 Watch Tower
07:24 Watch Tower
11:54 Watch Tower
11:54 Watch Tower
11:55 Watch Tower
11:55 Watch Tower
11:56 Watch Tower
12:15 Watch Tower
12:20 Watch Tower
12:44 Watch Tower
14:19 Watch Tower
14:19 Watch Tower
14:29 Watch Tower
15:11 Beastiary
19:45 Great Hall
22:04 Watch Tower
22:05 Watch Tower
22:07 Watch Tower
22:07 Watch Tower
23:01 Orc Burrow
23:03 Orc Burrow
» items
| Healing Salve | 2 | |
| Lesser Clarity Potion | 2 | |
| Staff of Teleportation | 1 | |
| Orb of Lightning | 1 | |
| Tiny Great Hall | 1 | |
| Scroll of Town Portal | 3 | |
| Potion of Healing | 2 | |
12 total
vamrqwmbgosai (
teal | 113 APM | 2855 actions | 25:16)
5 Pandaren Brewmaster
3 Breath of Fire
2 Drunken Haze
5 Shadow Hunter
3 Healing Wave
2 Hex
» actions
| Assign group hotkey | 26 | |
| Basic commands | 8 | |
| Build / train | 88 | |
| ESC pressed | 1 | |
| Enter build submenu | 34 | |
| Enter hero's abilities submenu | 10 | |
| Give item / drop item | 3 | |
| Right click | 1553 | |
| Select / deselect | 628 | |
| Select group hotkey | 360 | |
| Use ability | 144 | |
2855 total
» units
| Peon | 22 | |
| Wind Rider | 7 | |
| Goblin Shredder | 3 | |
| Troll Batrider | 2 | |
| Troll Witch Doctor | 4 | |
| Kodo Beast | 1 | |
| Shaman | 1 | |
40 total
» upgrades
| Ranged Weapons | 3 | |
| Armor | 3 | |
| Ensnare | 1 | |
| Envenomed Spears | 1 | |
| Witch Doctor Training | 2 | |
| Liquid Fire | 1 | |
| War Drums Damage Increase | 1 | |
| Reinforced Defenses | 1 | |
| Shaman Training | 2 | |
| Spiked Barricades | 1 | |
16 total
» buildings
| Altar of Storms | 1 | |
| Orc Burrow | 5 | |
| Voodoo Lounge | 1 | |
| War Mill | 1 | |
| Stronghold | 3 | |
| Great Hall | 2 | |
| Beastiary | 2 | |
| Watch Tower | 18 | |
| Fortress | 2 | |
| Spirit Lodge | 2 | |
| Barracks | 2 | |
39 total
» build order
00:17 Altar of Storms
00:20 Orc Burrow
00:53 Voodoo Lounge
02:30 War Mill
02:38 Stronghold
02:38 Stronghold
02:38 Stronghold
03:02 Orc Burrow
04:13 Great Hall
04:40 Orc Burrow
05:05 Beastiary
05:11 Beastiary
07:14 Watch Tower
07:46 Watch Tower
08:31 Watch Tower
08:42 Fortress
08:46 Watch Tower
09:07 Watch Tower
09:19 Spirit Lodge
09:23 Orc Burrow
10:29 Watch Tower
12:17 Orc Burrow
12:44 Watch Tower
14:59 Great Hall
17:32 Watch Tower
17:34 Watch Tower
17:36 Watch Tower
18:22 Watch Tower
19:57 Watch Tower
19:59 Watch Tower
20:07 Spirit Lodge
21:07 Watch Tower
21:08 Watch Tower
21:49 Watch Tower
22:10 Watch Tower
22:12 Watch Tower
23:13 Barracks
23:16 Barracks
» items
| Healing Salve | 3 | |
| Dust of Appearance | 1 | |
| Boots of Speed | 2 | |
| Lesser Clarity Potion | 4 | |
| Scroll of Town Portal | 2 | |
| Tiny Great Hall | 1 | |
13 total
team 2 (loser)
555015 (
yellow | 78 APM | 1251 actions | 16:04)
4 Blademaster
2 Critical Strike
1 Wind Walk
1 Mirror Image
» actions
| Assign group hotkey | 23 | |
| Basic commands | 4 | |
| Build / train | 49 | |
| ESC pressed | 1 | |
| Enter build submenu | 16 | |
| Enter hero's abilities submenu | 4 | |
| Give item / drop item | 4 | |
| Remove unit from queue | 1 | |
| Right click | 390 | |
| Select / deselect | 198 | |
| Select group hotkey | 492 | |
| Use ability | 69 | |
1251 total
» units
| Peon | 9 | |
| Grunt | 6 | |
| Troll Headhunter/Berserker | 1 | |
| Troll Witch Doctor | 2 | |
| Shaman | 3 | |
| Tauren | 1 | |
22 total
» upgrades
| Melee Weapons | 1 | |
| Armor | 1 | |
| Berserker Strength | 1 | |
| Witch Doctor Training | 2 | |
| Shaman Training | 2 | |
| Reinforced Defenses | 1 | |
| Spiked Barricades | 0 | |
| Pulverize | 1 | |
9 total
» buildings
| Orc Burrow | 8 | |
| Altar of Storms | 1 | |
| Barracks | 1 | |
| Voodoo Lounge | 1 | |
| Stronghold | 1 | |
| War Mill | 1 | |
| Fortress | 1 | |
| Spirit Lodge | 2 | |
| Tauren Totem | 2 | |
18 total
» build order
00:07 Orc Burrow
00:16 Altar of Storms
00:24 Barracks
01:18 Voodoo Lounge
02:18 Orc Burrow
02:52 Orc Burrow
03:40 Orc Burrow
03:44 Orc Burrow
04:27 Stronghold
05:09 War Mill
06:28 Orc Burrow
07:20 Fortress
07:25 Spirit Lodge
07:29 Spirit Lodge
09:58 Tauren Totem
10:03 Tauren Totem
12:12 Orc Burrow
12:16 Orc Burrow
» items
| Healing Salve | 3 | |
| Scroll of Speed | 2 | |
| Sentry Wards | 1 | |
| Scroll of Town Portal | 2 | |
| Orb of Lightning | 1 | |
| Potion of Healing | 1 | |
10 total
Charliesheen (
red | 53 APM | 1199 actions | 22:32)
4 Blademaster
1 Wind Walk
2 Critical Strike
1 Mirror Image
2 Tauren Chieftain
1 Endurance Aura
1 War Stomp
» actions
| Basic commands | 55 | |
| Build / train | 86 | |
| Enter build submenu | 21 | |
| Enter hero's abilities submenu | 6 | |
| Give item / drop item | 4 | |
| Right click | 509 | |
| Select / deselect | 425 | |
| Use ability | 93 | |
1199 total
» units
| Peon | 32 | |
| Demolisher | 3 | |
| Troll Batrider | 15 | |
| Mur'gul Snarecaster | 1 | |
| Giant Sea Turtle | 1 | |
| Tauren | 2 | |
| Troll Witch Doctor | 1 | |
| Shaman | 2 | |
57 total
» upgrades
| Ranged Weapons | 2 | |
| Spiked Barricades | 1 | |
| Armor | 2 | |
| Burning Oil | 1 | |
| Reinforced Defenses | 1 | |
7 total
» buildings
| Orc Burrow | 5 | |
| Altar of Storms | 1 | |
| War Mill | 1 | |
| Watch Tower | 5 | |
| Voodoo Lounge | 3 | |
| Barracks | 1 | |
| Stronghold | 1 | |
| Beastiary | 5 | |
| Fortress | 1 | |
23 total
» build order
00:26 Orc Burrow
00:42 Altar of Storms
00:50 War Mill
02:04 Watch Tower
02:16 Voodoo Lounge
02:21 Voodoo Lounge
02:38 Barracks
03:49 Stronghold
03:54 Orc Burrow
04:13 Watch Tower
05:45 Orc Burrow
06:14 Watch Tower
06:49 Orc Burrow
07:53 Beastiary
07:56 Fortress
08:15 Orc Burrow
12:29 Voodoo Lounge
17:08 Beastiary
17:41 Beastiary
17:42 Beastiary
17:45 Beastiary
17:53 Watch Tower
18:38 Watch Tower
» items
| Boots of Speed | 2 | |
| Staff of Teleportation | 1 | |
| Lesser Clarity Potion | 1 | |
| Healing Salve | 2 | |
| Potion of Healing | 1 | |
| Scroll of Town Portal | 2 | |
| Orb of Lightning | 2 | |
11 total
SwagNBling (
orange | 48 APM | 1463 actions | 30:27)
8 Blademaster
3 Wind Walk
3 Critical Strike
1 Bladestorm
1 Mirror Image
» actions
| Assign group hotkey | 36 | |
| Basic commands | 31 | |
| Build / train | 70 | |
| Enter build submenu | 39 | |
| Enter hero's abilities submenu | 8 | |
| Give item / drop item | 7 | |
| Remove unit from queue | 1 | |
| Right click | 664 | |
| Select / deselect | 266 | |
| Select group hotkey | 196 | |
| Use ability | 145 | |
1463 total
» units
| Peon | 8 | |
| Grunt | 4 | |
| Goblin Shredder | 1 | |
| Goblin Zeppelin | 2 | |
| Goblin Sapper | 4 | |
| Troll Batrider | 5 | |
| Wind Rider | 3 | |
27 total
» upgrades
| Ranged Weapons | 3 | |
| Armor | 3 | |
| Reinforced Defenses | 1 | |
| Envenomed Spears | 1 | |
| Liquid Fire | 1 | |
| Troll Regeneration | 1 | |
10 total
» buildings
| Orc Burrow | 3 | |
| Altar of Storms | 2 | |
| Barracks | 1 | |
| Voodoo Lounge | 2 | |
| Stronghold | 1 | |
| War Mill | 2 | |
| Great Hall | 2 | |
| Fortress | 1 | |
| Watch Tower | 30 | |
| Beastiary | 4 | |
48 total
» build order
00:12 Orc Burrow
01:05 Altar of Storms
01:06 Barracks
01:10 Altar of Storms
01:14 Orc Burrow
01:40 Voodoo Lounge
02:55 Stronghold
04:00 Orc Burrow
04:22 War Mill
04:50 Great Hall
09:55 Fortress
09:57 Watch Tower
09:57 Watch Tower
09:57 Watch Tower
11:03 War Mill
11:27 Watch Tower
11:28 Watch Tower
11:30 Watch Tower
11:30 Watch Tower
11:31 Watch Tower
11:33 Watch Tower
14:12 Watch Tower
14:14 Watch Tower
14:15 Watch Tower
14:17 Watch Tower
14:19 Watch Tower
15:00 Beastiary
15:00 Beastiary
15:02 Beastiary
15:07 Beastiary
15:14 Watch Tower
15:14 Watch Tower
15:15 Watch Tower
15:17 Watch Tower
15:18 Watch Tower
15:18 Watch Tower
15:19 Watch Tower
15:20 Watch Tower
15:33 Voodoo Lounge
19:18 Great Hall
19:20 Watch Tower
19:20 Watch Tower
19:21 Watch Tower
19:23 Watch Tower
19:23 Watch Tower
19:23 Watch Tower
19:31 Watch Tower
» items
| Healing Salve | 6 | |
| Orb of Lightning | 1 | |
| Staff of Teleportation | 1 | |
| Scroll of Regeneration | 1 | |
| Lesser Clarity Potion | 6 | |
| Periapt of Vitality | 1 | |
| Potion of Healing | 2 | |
| Potion of Mana | 2 | |
| Scroll of Town Portal | 1 | |
21 total
sunshine27 (
purple | 20 APM | 458 actions | 22:47)
5 Mountain King
3 Storm Bolt
2 Bash
» actions
| Basic commands | 32 | |
| Build / train | 47 | |
| Enter build submenu | 19 | |
| Enter hero's abilities submenu | 5 | |
| Give item / drop item | 2 | |
| Right click | 132 | |
| Select / deselect | 162 | |
| Use ability | 59 | |
458 total
» units
» upgrades
| Lumber Harvesting | 2 | |
| Defend | 1 | |
3 total
» buildings
| Altar of Kings | 1 | |
| Farm | 9 | |
| Barracks | 2 | |
| Scout Tower | 1 | |
| Arcane Tower | 1 | |
| Keep | 1 | |
| Lumber Mill | 1 | |
| Castle | 1 | |
| Blacksmith | 1 | |
| Arcane Vault | 1 | |
19 total
» build order
00:05 Altar of Kings
00:07 Farm
01:42 Barracks
02:45 Barracks
02:50 Farm
02:56 Scout Tower
04:07 Arcane Tower
04:16 Farm
05:28 Keep
05:32 Lumber Mill
05:35 Farm
06:23 Farm
07:55 Farm
07:57 Castle
08:33 Blacksmith
08:36 Farm
09:17 Farm
11:55 Arcane Vault
13:45 Farm
» items
| Boots of Speed | 1 | |
| Staff of Teleportation | 1 | |
| Dust of Appearance | 1 | |
| Replenishment Potion | 1 | |
| Lesser Clarity Potion | 2 | |
6 total
Chat log
(00:31 / All) Charliesheen: whos hacking im using the force
(01:31 / Allies) FUDGERBARS: pro
(01:37 / Allies) Bnet.Noob: chill
(02:01 / Allies) FUDGERBARS: when i give a compliment u thank me
(02:03 / Allies) FUDGERBARS: is this clear
(02:11 / Allies) Bnet.Noob: u were being sarcastic fucker
(02:31 / Allies) FUDGERBARS: u cant detect sarcasm through fingers
(02:37 / Allies) Bnet.Noob: yes i can
(03:11 / All) FUDGERBARS: good bye burrow
(05:05 / Allies) RODnThTURNC0ATS: a skink was in the way
(05:11 / Allies) RODnThTURNC0ATS: fucking critters on this map I swear
(05:51 / All) FUDGERBARS: hacker
(05:58 / All) Charliesheen: ur hakcign fool
(06:05 / All) FUDGERBARS: we just ccing by u
(06:07 / All) FUDGERBARS: meant no offense
(06:17 / All) Charliesheen: bs fool u hack
(07:39 / All) Charliesheen: beasilyty
(07:47 / All) Charliesheen: yeah they hack
(09:55 / Allies) Bnet.Noob: get rdy to tp
(11:14 / Allies) FUDGERBARS: give gold so he can rez
(11:25 / Allies) Bnet.Noob: o tpd; you blue
(11:26 / Allies) Bnet.Noob: to tp
(12:00 / Allies) RODnThTURNC0ATS: counter
(13:05 / Allies) Bnet.Noob: need 200 gold for tree
(13:21 / All) Charliesheen: ueaj jacl sauce
(13:32 / Allies) Bnet.Noob: ty
(13:43 / Allies) vamrqwmbgosai: fuk
(14:41 / All) FUDGERBARS: DIE SUNSHINE
(15:11 / Allies) Bnet.Noob: ur creeping right now? really?
(15:15 / Allies) RODnThTURNC0ATS: I wanted level 5
(15:24 / Allies) RODnThTURNC0ATS: took 2 secs to kill a turtle asshole
(16:30 / All) FUDGERBARS: fat cow die
(16:56 / All) FUDGERBARS: is ur team not gonna xpo or something
(17:26 / Allies) Bnet.Noob: can i get 100 gold from eacg
(18:10 / Allies) Bnet.Noob: ty
(18:19 / Allies) Bnet.Noob: wtf
(18:20 / Allies) Bnet.Noob: lol
(18:21 / Allies) Bnet.Noob: tral
(18:43 / Allies) Bnet.Noob: gogogo
(20:10 / Allies) Bnet.Noob: going to smoke a cig
(20:12 / Allies) Bnet.Noob: good luck
(20:47 / Allies) Bnet.Noob: pink give me 500 for my hero pl
(20:52 / Allies) Bnet.Noob: u got 5k
(21:02 / Allies) Bnet.Noob: ty
(21:10 / All) Charliesheen: hack sauce suck it
(21:33 / Allies) Bnet.Noob: teal get more towers
(22:26 / All) Charliesheen: yep hacksauce suck it
(22:30 / All) FUDGERBARS: lawl
(22:33 / All) Bnet.Noob: u just mad
(22:46 / All) sunshine27: YIPPPPEEEEEE
(23:03 / Allies) Bnet.Noob: oj just leave we won
(23:13 / Allies) RODnThTURNC0ATS: wrong chat moron
(23:36 / Allies) Bnet.Noob: k
(23:44 / All) Bnet.Noob: oj jus leave we won
(24:38 / Allies) FUDGERBARS: com elets hit
(24:41 / Allies) FUDGERBARS: orange
(24:43 / Allies) FUDGERBARS: he only one left
(24:46 / Allies) vamrqwmbgosai: retard
(24:47 / Allies) vamrqwmbgosai: tker
(24:59 / Allies) Bnet.Noob: blue plz
(25:00 / Allies) Bnet.Noob: 100
(25:05 / Allies) RODnThTURNC0ATS: Retard who can't defend against 1 player
(25:10 / Allies) vamrqwmbgosai: i just quit and save my time
(25:12 / Allies) RODnThTURNC0ATS: yeah I think you care deeply about tking
(25:13 / Allies) vamrqwmbgosai: useless hahaha
(25:15 / All) FUDGERBARS: teal expo gone
(25:16 / Allies) RODnThTURNC0ATS: bye
(25:21 / Allies) Bnet.Noob: 100 gold?
(25:22 / Allies) Bnet.Noob: plz
(25:24 / All) FUDGERBARS: what a try hard
(25:35 / Allies) Bnet.Noob: k
(25:38 / Allies) Bnet.Noob: like i care
(25:41 / Allies) RODnThTURNC0ATS: Out
(25:46 / Allies) Bnet.Noob: suck my cock
(25:49 / Allies) Bnet.Noob: ill be the last
(25:59 / All) FUDGERBARS: lawl
(26:06 / All) FUDGERBARS: green said for pink to suck his cock
(26:20 / Allies) RODnThTURNC0ATS: Start killing your base
(27:48 / All) SwagNBling: I spam for it to attack it never does lol
(30:04 / All) RODnThTURNC0ATS: Any last words for us green?